 Dungeon Crawl Stone Soup version 0.17.1-3-g152610e (webtiles) character file.

7982 Peloso the Blocker (level 11, -1/95 HPs)
             Began as a Minotaur Fighter on Mar 31, 2016.
             Was an Elder of Okawaru.
             Slain by Maud
             ... wielding a +1 broad axe of chopping
              (9 damage)
             ... on level 10 of the Dungeon.
             The game lasted 00:29:05 (10863 turns).

Peloso the Blocker (Minotaur Fighter)              Turns: 10863, Time: 00:29:05

Health: -1/95      AC: 22    Str: 22    XL:     11   Next: 3%
Magic:  10/10      EV: 13    Int:  5    God:    Okawaru [****..]
Gold:   298        SH: 12    Dex: 12    Spells: 0 memorised, 10 levels left

rFire  . . .     SeeInvis +     a - +1 long sword
rCold  . . .     Clarity  .     f - +0 plate armour
rNeg   . . .     SustAt   .     c - +0 shield
rPois  .         Gourm    .     (helmet restricted)
rElec  .         Spirit   .     m - +0 cloak
rCorr  .         Warding  .     h - +1 pair of gloves
rMut   .         Stasis   .     J - +2 pair of boots {Fly}
MR     .....                    (no amulet)
Stlth  ..........               G - ring of see invisible
                                E - +5 ring of evasion

@: flying, not resistant to hostile enchantments, extremely unstealthy
A: retaliatory headbutt, horns 2
a: Heroism, Renounce Religion, Stop Flying


You were on level 10 of the Dungeon.
You worshipped Okawaru.
Okawaru was greatly pleased with you.
You were not hungry.

You visited 2 branches of the dungeon, and saw 12 of its levels.

You collected 415 gold pieces.
You spent 117 gold pieces at shops.

Inventory:

Hand Weapons
 a - a +1 long sword (weapon)
 P - a cursed -3 short sword
Armour
 c - a +0 shield (worn)
 f - a +0 plate armour (worn)
 h - a +1 pair of gloves (worn)
 m - a +0 cloak (worn)
 J - a +2 pair of boots of flying (worn)
Rods
 H - a -1 rod of the swarm (11/11)
   (You found it on level 7 of the Dungeon)
Jewellery
 b - an uncursed ring of stealth
 E - a +5 ring of evasion (left hand)
 G - a ring of see invisible (right hand)
Wands
 j - a wand of disintegration (10)
 F - a wand of disintegration (19)
 O - a wand of digging (7)
Scrolls
 i - 2 scrolls of enchant weapon
 k - 6 scrolls of teleportation
 p - 4 scrolls of recharging
 t - 2 scrolls of magic mapping
 v - a scroll of immolation {unknown}
 y - 3 scrolls of remove curse
 A - 2 scrolls of enchant armour
 I - 2 scrolls of amnesia
 K - a scroll of identify
Potions
 d - a potion of cure mutation
 g - 4 potions of curing
 l - 5 potions of haste
 o - a potion of agility
 q - a potion of flight {unknown}
 r - 2 potions of heal wounds
 u - a potion of magic
 w - a potion of ambrosia {unknown}
 z - 2 potions of poison {unknown}
 B - 2 potions of might
 L - a potion of brilliance {unknown}
 M - a potion of invisibility {unknown}
 N - a potion of beneficial mutation {unknown}
Books
 n - a book of Beasts

   Spells                             Type                      Level
   a - Summon Butterflies             Summoning                    1
   b - Call Canine Familiar           Summoning                    3
   c - Summon Ice Beast               Ice/Summoning                4
   d - Summon Mana Viper              Hexes/Summoning              5
   e - Summon Hydra                   Summoning                    7
 s - a book of Death

   Spells                             Type                      Level
   a - Corpse Rot                     Necromancy                   2
   b - Sublimation of Blood           Necromancy                   2
   c - Agony                          Necromancy                   5
   d - Dispel Undead                  Necromancy                   5
   e - Excruciating Wounds            Charms/Necromancy            5
   f - Bolt of Draining               Conjuration/Necromancy       5
 x - a book of Necromancy

   Spells                             Type                      Level
   a - Pain                           Necromancy                   1
   b - Animate Skeleton               Necromancy                   1
   c - Vampiric Draining              Necromancy                   3
   d - Regeneration                   Charms/Necromancy            3
   e - Animate Dead                   Necromancy                   4
   f - Control Undead                 Necromancy                   4
Comestibles
 e - 10 bread rations
 C - 2 meat rations


   Skills:
 + Level 8.7 Fighting
 + Level 9.6 Long Blades
 + Level 10.5 Armour
 + Level 5.3 Dodging
 + Level 1.2 Stealth
 + Level 11.7 Shields
 + Level 0.6 Invocations
 + Level 0.1 Evocations


You had 10 spell levels left.
You didn't know any spells.

Dungeon Overview and Level Annotations

Branches:
Dungeon (11/15)            Temple (1/1) D:5            Lair (0/8) D:9
    Orc: D:9-12

Altars:
Ashenzari
Cheibriados
Dithmenos
Elyvilon
Fedhas
Gozag
Kikubaaqudgha
Makhleb
Nemelex Xobeh
Okawaru
Qazlal
Ru
Sif Muna
Trog
Vehumet
Xom
Yredelemnul
Zin
The Shining One

Shops:
D:4 =*   D:7 *[[:=   D:8 ?

Annotations:
D:9 Prince Ribbit
D:10 Maud
D:11 Erolcha, Snorg


Innate Abilities, Weirdness & Mutations

You reflexively headbutt those who attack you in melee.
You have a pair of horns on your head.


Message History

Found a stone staircase leading up.
Maud screams, "Your life or 'Entarex'!
You must choose!"
Maud screams, "Give me 'Entarex'!"
There is a stone staircase leading up here.
Maud hits you but does no damage.
You fly upwards.
There is a stone staircase leading down here.
Maud screams, "I want it!"
Read which item? (? for menu, Esc to quit)
As you read the scroll of teleportation, it crumbles to dust.
You feel strangely unstable.
Maud hits you with a broad axe of chopping.
* * * LOW HITPOINT WARNING * * *
x2 You slash Maud!
You headbutt Maud.
Maud is lightly wounded.
You slash Maud! You headbutt Maud, but do no damage.
Maud is lightly wounded.
Your surroundings seem slightly different.
Maud hits you with a broad axe of chopping!
You die...

######### #......(# #.......#
#..)....# #.......# #ยง......#
#......<###### #...@........#
#....@..####.#########
#.......###..>........ ######
#.....>..#.....#.....# #....#
########.............# #....#
#.............#
####....###########.......#.....
#.......).....(..........##...##
#.......)..########.......#...#
#..........# ##...........#


You could see Maud.

Vanquished Creatures
  A hill giant (D:10)
  An unseen horror (D:10)
  An ugly thing (D:11)
  Joseph (D:9)
  A polar bear (D:8)
  Grinder (D:5)
  A trapdoor spider zombie (D:10)
  A wraith (D:10)
  A spriggan (D:7)
  A trapdoor spider (D:10)
  A yak (D:8)
  Eustachio (D:6)
  2 wyverns
  A mottled dragon (D:10)
  A wolf (D:8)
  A hungry ghost (D:11)
  The ghost of Arkorax the Chopper, an amateur VSGl of Vehumet (D:3)
  2 orc warriors
  An ice beast (D:4)
  2 wasps
  A sky beast (D:9)
  A phantom (D:11)
  5 ogres
  8 centaurs
  A crocodile (D:9)
  A big kobold (D:11)
  A gnoll sergeant (D:8)
  4 giant frogs
  2 scorpions
  8 killer bees
  4 electric eels (D:7)
  3 crimson imps
  2 centaur zombies
  3 lava snakes (D:11)
  4 orc priests
  3 giant frog zombies
  4 jellies
  3 hounds
  2 iguanas
  7 orc wizards
  A wyvern simulacrum (D:8)
  Natasha (D:2)
  A giant frog skeleton (D:11)
  A quasit (D:11)
  A giant frog simulacrum (D:8)
  A centaur simulacrum (D:8)
  A worker ant zombie (D:7)
  8 gnolls
  2 worker ant simulacra (D:8)
  11 adders
  4 shadow imps
  A white imp (D:8)
  2 ufetubi (D:8)
  An ooze (D:6)
  An adder skeleton (D:5)
  4 worms
  4 giant geckos
  41 orcs
  3 giant cockroaches
  6 goblins
  4 hobgoblins
  15 jackals
  4 quokkas
  8 bats
  2 giant gecko skeletons
  5 giant newts
  A jackal skeleton (D:7)
  3 kobolds
  11 rats (D:1)
238 creatures vanquished.

Vanquished Creatures (others)
  3 plants (D:6)
3 creatures vanquished.

Grand Total: 241 creatures vanquished

Notes
Turn   | Place    | Note
--------------------------------------------------------------
     0 | D:1      | Peloso the Minotaur Fighter began the quest for the Orb.
     0 | D:1      | Reached XP level 1. HP: 19/19 MP: 0/0
   170 | D:1      | Reached skill level 4 in Fighting
   177 | D:1      | Reached XP level 2. HP: 25/27 MP: 1/1
   999 | D:2      | Reached XP level 3. HP: 7/33 MP: 2/2
  1256 | D:2      | Noticed Natasha
  1268 | D:2      | Killed Natasha
  1902 | D:3      | Found a deep blue altar of Sif Muna.
  1911 | D:3      | Reached XP level 4. HP: 36/41 MP: 3/3
  2020 | D:3      | Found a shadowy altar of Dithmenos.
  2194 | D:3      | Reached skill level 1 in Dodging
  2264 | D:3      | Noticed Arkorax's ghost (amateur VSGl)
  2278 | D:3      | Killed Arkorax's ghost
  2278 | D:3      | Reached XP level 5. HP: 19/47 MP: 4/4
  2594 | D:3      | Reached skill level 5 in Armour
  2612 | D:3      | Found a burning altar of Makhleb.
  2612 | D:3      | Found an opulent altar of Gozag.
  2922 | D:4      | Reached skill level 5 in Shields
  2922 | D:4      | Reached XP level 6. HP: 46/53 MP: 5/5
  2925 | D:4      | Noticed an ice beast
  2944 | D:4      | Killed an ice beast
  2947 | D:4      | Reached skill level 5 in Fighting
  3052 | D:4      | Reached XP level 7. HP: 31/61 MP: 6/6
  3278 | D:4      | Found Xiliteth's Jewellery Shoppe.
  3287 | D:4      | Found an opulent altar of Gozag.
  3288 | D:4      | Found Gozag's Platinum Reserve.
  3334 | D:4      | Noticed an ogre
  3339 | D:4      | Killed an ogre
  3339 | D:4      | Reached skill level 6 in Shields
  3532 | D:4      | Found a shattered altar of Ashenzari.
  3617 | D:5      | Entered Level 5 of the Dungeon
  3629 | D:5      | Noticed Grinder
  3653 | D:5      | Paralysed by Grinder for 6 turns
  3660 | D:5      | Killed Grinder
  3660 | D:5      | Reached skill level 5 in Long Blades
  3781 | D:5      | Found Agoviv's Jewellery Shop.
  3803 | D:5      | Reached XP level 8. HP: 68/70 MP: 7/7
  3943 | D:5      | Found a staircase to the Ecumenical Temple.
  3957 | Temple   | Entered the Ecumenical Temple
  4118 | Temple   | Became a worshipper of Warmaster Okawaru
  4312 | D:5      | Reached skill level 7 in Armour
  4546 | D:6      | Noticed Eustachio
  4591 | D:6      | Killed Eustachio
  4965 | D:6      | Reached * piety under Okawaru
  5121 | D:6      | Found a blossoming altar of Fedhas.
  5433 | D:7      | Found Fuzxiph's Book Emporium.
  5528 | D:7      | Reached skill level 8 in Shields
  5546 | D:7      | Found Ohamoarch's Antique Armour Shop.
  5549 | D:7      | Bought a pair of runed boots for 117 gold pieces
  5747 | D:7      | Found Degiclehulu's Jewellery Shoppe.
  5928 | D:7      | Reached skill level 1 in Stealth
  6087 | D:7      | Reached XP level 9. HP: 25/78 MP: 8/8
  6692 | D:7      | HP: 2/78 [electric eel/bolt of electricity (5)]
  7215 | D:7      | Found Ahadotz's Assorted Antiques.
  7279 | D:7      | Found Delut's Armour Shop.
  7559 | D:8      | Reached skill level 9 in Shields
  7917 | D:8      | Reached ** piety under Okawaru
  8283 | D:8      | Found Xaoteoh's Magic Scroll Shoppe.
  8513 | D:8      | Found a sacrificial altar of Ru.
  8601 | D:8      | Reached skill level 10 in Shields
  8762 | D:9      | Noticed Joseph
  8782 | D:9      | Killed Joseph
  8782 | D:9      | Reached *** piety under Okawaru
  8782 | D:9      | Reached XP level 10. HP: 49/88 MP: 9/9
  8891 | D:9      | Reached skill level 5 in Dodging
  9052 | D:9      | Noticed Prince Ribbit
  9266 | D:9      | Found a staircase to the Lair.
  9373 | D:10     | Entered Level 10 of the Dungeon
  9447 | D:10     | Noticed a hill giant
  9463 | D:10     | Killed a hill giant
  9495 | D:10     | Noticed an unseen horror
  9505 | D:10     | HP: 1/88 [unseen horror (7)]
  9510 | D:10     | Killed an unseen horror
  9510 | D:10     | Reached **** piety under Okawaru
  9510 | D:10     | Reached skill level 10 in Armour
  9510 | D:10     | Reached skill level 11 in Shields
 10276 | D:11     | Reached ***** piety under Okawaru
 10291 | D:11     | Noticed a cyan ugly thing
 10324 | D:11     | Killed a cyan ugly thing
 10324 | D:11     | Reached XP level 11. HP: 15/95 MP: 10/10
 10755 | D:11     | Noticed Maud
 10757 | D:11     | Noticed a hill giant
 10771 | D:11     | Noticed Erolcha
 10824 | D:11     | HP: 4/95 [Erolcha/giant spiked club (17)]
 10845 | D:11     | Noticed Snorg
 10863 | D:10     | Slain by Maud

Action                   |  1- 3 |  4- 6 |  7- 9 | 10-12 || total
-------------------------+-------+-------+-------+-------++-------
Melee: Long sword        |   131 |   110 |   390 |   269 ||   900
Invok: Heroism           |       |       |     1 |     5 ||     6
Evoke: Wand              |       |       |     1 |     2 ||     3
  Use: Scroll            |     3 |       |    15 |     3 ||    21
       Potion            |       |     4 |     1 |     2 ||     7
  Eat: Chunk             |     2 |     5 |    17 |     3 ||    27
       Beef jerky        |       |       |     1 |     1 ||     2
       Meat ration       |       |       |       |     3 ||     3
